 Dungeon Crawl Stone Soup version 0.21.1-1-g345015f (webtiles) character file.

275 Fang the Skirmisher (level 6, -1/40 HPs)
             Began as a Gargoyle Berserker on May 7, 2018.
             Was a Priest of Trog.
             Killed from afar by an orc wizard (6 damage)
             ... with a magic dart
             ... on level 4 of the Dungeon.
             The game lasted 00:03:16 (2738 turns).

Fang the Skirmisher (Gargoyle Berserker)            Turns: 2738, Time: 00:03:17

Health: -1/40      AC:  6    Str: 23    XL:     6   Next: 24%
Magic:  6/6        EV: 12    Int:  7    God:    Trog [***...]
Gold:   285        SH:  0    Dex:  9    Spells: 5/5 levels left

rFire    . . .     SeeInvis .   a - +0 hand axe
rCold    . . .     Gourm    .   (no shield)
rNeg     + . .     Faith    .   b - +0 animal skin
rPois    ∞         Spirit   .   (no helmet)
rElec    +         Reflect  .   (no cloak)
rCorr    .         Harm     .   (no gloves)
MR       .....                  (no boots)
Stlth    +.........             (no amulet)
HPRegen  0.13/turn              (no ring)
MPRegen  0.10/turn              (no ring)

@: berserk cooldown, slowed, very slow
A: negative energy resistance 1, electricity resistance, unbreathing,
petrification resistance, rot immunity, AC +4
a: Berserk, Trog's Hand, Burn Spellbooks, Renounce Religion


You were on level 4 of the Dungeon.
You worshipped Trog.
Trog was most pleased with you.
You were very hungry.

You visited 1 branch of the dungeon, and saw 4 of its levels.

You collected 285 gold pieces.

Inventory:

Hand Weapons
 a - a +0 hand axe (weapon)
Armour
 b - a +0 animal skin (worn)
Jewellery
 f - a +3 ring of slaying {unknown}
 r - an uncursed ring of resist corrosion {unknown}
Scrolls
 h - 2 scrolls of random uselessness {unknown}
 i - a scroll of amnesia {unknown}
 j - 3 scrolls of remove curse {unknown}
 k - a scroll of immolation {unknown}
 l - 3 scrolls of identify {unknown}
 o - a scroll of fog {unknown}
 p - 4 scrolls of teleportation {unknown}
 q - 2 scrolls of blinking {unknown}
 s - a scroll of enchant armour {unknown}
 t - a scroll of enchant weapon {unknown}
 v - a scroll of magic mapping {unknown}
Potions
 d - a potion of curing {unknown}
 e - 2 potions of flight {unknown}
 g - a potion of agility {unknown}
 m - a potion of lignification {unknown}
 n - 4 potions of might {unknown}
 u - a potion of heal wounds {unknown}
 w - a potion of brilliance {unknown}
Comestibles
 c - 4 rations


   Skills:
 + Level 5.0 Fighting
 + Level 4.6 Axes
 + Level 2.2 Armour
 + Level 2.5 Dodging
 + Level 0.4 Stealth


You had 5 spell levels left.
You didn't know any spells.

Dungeon Overview and Level Annotations

Branches:
Dungeon (4/15)             Temple (0/1) D:4

Altars:


Innate Abilities, Weirdness & Mutations

You are resistant to torment.
Your stone body is resilient. (AC +4)
You are immune to poison.
You resist negative energy. (rN+)
You are resistant to electric shocks. (rElec)
You can survive without breathing.
You are immune to petrification.
You are immune to rotting.


Message History

The orc wizard casts a spell.
The orc wizard blinks!
You hit the orc wizard.
The orc wizard is severely wounded.
You hit the orc. The orc misses you.
Unknown command.
You closely miss the orc wizard.
The orc wizard is severely wounded.
You slash the orc!
You kill the orc!
Trog accepts your kill.
You are no longer berserk.
You are exhausted.
You feel yourself slow down.
The orc wizard gestures at you while chanting.
The puff of frost hits you!
* * * LOW HITPOINT WARNING * * *
The orc wizard casts a spell at you. The magic dart hits you!
You die...

...............#.#...###
..............#.#.#.....
.............#.#.#.#....
..............#.>.#.....
.............#.#.#.#....
><............#$#.#.....
...............#.#......
####.###......(.o.......
#? #.....#.§@)...... #
#.......##...o...
#.....### .......
####### >...... .......
....... ....... .......


You could see 2 orc wizards.

Vanquished Creatures
  The ghost of antares the Firebug, an amateur GrFE (D:3)
  A howler monkey (D:4)
  4 adders
  An ooze (D:1)
  2 worms (D:2)
  6 orcs
  2 giant cockroaches
  10 goblins
  6 hobgoblins
  13 jackals
  5 kobolds
  A ball python (D:1)
  2 ball python skeletons (D:4)
  8 bats
  6 frilled lizards
  8 rats
  2 fungi (D:1)
78 creatures vanquished.

Notes
Turn   | Place    | Note
-------+----------+-------------------------------------------
     0 | D:1      | Fang the Gargoyle Berserker began the quest for the Orb.
     0 | D:1      | Reached XP level 1. HP: 14/14 MP: 1/1
   236 | D:1      | Reached XP level 2. HP: 12/20 MP: 2/2
   571 | D:1      | Reached skill level 4 in Fighting
   775 | D:1      | Reached XP level 3. HP: 24/24 MP: 3/3
  1124 | D:2      | Reached ** piety under Trog
  1622 | D:2      | Reached XP level 4. HP: 16/30 MP: 4/4
  2409 | D:3      | Noticed antares's ghost (amateur GrFE)
  2420 | D:3      | Killed antares's ghost
  2420 | D:3      | Reached XP level 5. HP: 34/34 MP: 5/5
  2643 | D:4      | Reached skill level 5 in Fighting
  2643 | D:4      | Reached XP level 6. HP: 33/40 MP: 6/6
  2644 | D:4      | Reached *** piety under Trog
  2710 | D:4      | Found a staircase to the Ecumenical Temple.
  2738 | D:4      | Killed from afar by an orc wizard

Skill      XL: |  1  2  3  4  5 |
---------------+----------------+-----
Fighting       | 4 5 |  5.0
Axes           | 3 4 |  4.6
Dodging        | 2 |  2.5
Armour         | |  2.2
Stealth        | |  0.4

Action                   |  1- 3 |  4- 6 || total
-------------------------+-------+-------++-------
Melee: Hand axe          |   142 |   126 ||   268
Invok: Berserk           |     2 |     3 ||     5
  Eat: Chunk             |     4 |     5 ||     9
Armor: Animal skin       |    48 |    50 ||    98
Dodge: Dodged            |    77 |   104 ||   181
